Map: Sementes de Aiur

Players

naboa - Winner!

  • Race: Protoss Protoss
  • Spawn Location: 7:00

IagoAbreu - Winner!

  • Race: Zerg Zerg
  • Spawn Location: 7:00

I.A. 2 (Muito fácil)

  • Race: Terran Terran
  • Spawn Location: 1:00

I.A. 3 (Muito fácil)

  • Race: Protoss Protoss
  • Spawn Location: 1:00

VOD

Have the link to the VOD?

Description

Time

  • Played on: Jan. 3, 2018, 8:24 p.m.
  • Length: 16:58
Show
View Real Time Build Order
Export as new Build Order

naboa Protoss - Winner!

Build Orders:  

Get SALT Encoding   

  12  0:19  Probe (Chrono Boost)  
  13  0:32  Probe (Chrono Boost)  
  14  2:12  Pylon  
  14  2:17  Pylon  
  14  2:21  Pylon  
  14  2:47  Forge  
  14  3:23  Pylon  
  14  3:27  Pylon  
  14  4:13  Assimilator  
  14  4:25  Assimilator  
  13  7:10  Nexus  
  13  7:18  Nexus  
  13  7:26  Pylon  
  13  7:39  Pylon  
  13  8:36  Photon Cannon  
  13  8:50  Photon Cannon  
  13  9:09  Photon Cannon  
  13  9:18  Photon Cannon  
  13  9:24  Photon Cannon  
  13  9:30  Photon Cannon  
  13  9:36  Photon Cannon  
  13  9:40  Photon Cannon  
  13  10:38  Probe (Chrono Boost)  
  14  10:49  Probe (Chrono Boost)  
  15  10:54  Probe (Chrono Boost)  
  16  11:04  Probe  
  17  11:16  Probe  
  18  11:28  Probe  
  19  11:40  Probe  
  22  11:55  Probe (Chrono Boost)  
  22  11:58  Probe (Chrono Boost)  
  22  12:08  Probe x2 (Chrono Boost)  
  24  12:12  Probe (Chrono Boost)  
  24  12:16  Probe x2  
  24  12:20  Probe  
  27  12:28  Probe  
  27  12:29  Probe  
  30  12:32  Probe  
  31  12:40  Probe  
  32  12:52  Probe  
  33  13:04  Probe  
  34  13:31  Probe (Chrono Boost)  
  36  13:42  Probe (Chrono Boost)  
  36  13:44  Probe (Chrono Boost)  
  36  13:46  Probe (Chrono Boost)  
  38  13:50  Probe  
  39  13:57  Probe  
  39  14:01  Probe  
  41  14:09  Probe  
  42  14:13  Probe  
  43  14:25  Probe  
  44  15:36  Probe (Chrono Boost)  
  45  15:46  Probe (Chrono Boost)  
  46  15:51  Probe (Chrono Boost)  
  47  16:02  Probe  
  48  16:14  Probe  
Show
View Real Time Build Order
Export as new Build Order

IagoAbreu Zerg - Winner!

Build Orders: Pool First 

Get SALT Encoding   

  12  0:03  Drone  
  13  0:19  Overlord  
  13  0:20  Drone  
  14  0:38  Overlord  
  14  0:39  Drone  
  15  0:45  Drone  
  16  0:54  Spawning Pool  
  15  0:57  Drone  
  16  1:54  Queen  
  16  1:56  Drone x3  
  21  2:53  Overlord x3  
  21  3:07  Hatchery  
  20  3:36  Drone x4  
  24  3:46  Hatchery  
  23  4:04  Drone x2  
  23  4:09  Queen  
  25  4:13  Zergling x2  
  28  4:20  Zergling x6  
  31  4:40  Zergling x2  
  31  4:45  Queen  
  34  4:58  Queen  
  36  5:00  Drone  
  36  5:04  Drone  
  36  5:05  Drone  
  39  5:25  Zergling x4  
  39  5:26  Zergling x10  
  42  5:42  Drone x3  
  45  6:09  Overlord x2  
  45  6:10  Zergling x6  
  47  6:34  Zergling x6  
  47  6:35  Zergling x14  
  47  6:36  Zergling x12  
  62  8:01  Zergling x10  
  62  8:02  Zergling x12  
  62  8:04  Overlord  
  62  8:05  Overlord x4  
  73  8:06  Overlord x2  
  73  8:57  Extractor  
  73  9:01  Drone x3  
  75  9:05  Extractor  
  72  9:17  Zergling x8  
  72  9:18  Zergling x12  
  72  9:19  Zergling x4  
  72  10:50  Drone x3  
  73  11:12  Zergling x8  
  73  11:13  Zergling x12  
  73  11:14  Zergling x4  
  84  11:55  Lair  
  83  12:10  Zergling x2  
  83  12:11  Zergling x12  
  83  12:12  Zergling x12  
  95  12:46  Zergling x6  
  95  12:47  Zergling x10  
  95  12:48  Zergling x12  
  109  12:54  Metabolic Boost  
  108  13:19  Burrow  
  105  15:01  Zergling x10  
  105  15:02  Zergling x12  
  105  15:03  Zergling x12  
  105  15:04  Zergling x2  
  123  16:21  Spire  
Show
View Real Time Build Order
Export as new Build Order

I.A. 2 (Muito fácil) Terran 

Build Orders:  

Get SALT Encoding   

  12  0:01  SCV  
  13  0:13  SCV  
  14  0:20  Supply Depot  
  14  0:37  Refinery  
  14  0:45  Barracks  
  14  1:05  Supply Depot  
  14  1:13  Refinery  
  14  1:32  Marine  
  15  1:35  Orbital Command  
  15  1:50  Barracks Tech Lab  
  15  2:00  SCV  
  16  2:12  SCV  
  17  2:19  Marine  
  18  2:24  SCV  
  19  2:37  SCV  
  20  2:49  SCV  
  21  3:01  SCV  
  22  3:06  Marauder  
  24  6:46  SCV  
  25  6:47  Marine  
  25  6:49  Supply Depot  
  25  6:51  Factory  
  26  6:56  Command Center  
  26  6:58  SCV  
  27  7:11  SCV  
  27  7:13  Supply Depot  
  28  7:19  Marine  
  29  7:23  SCV  
  30  7:35  SCV  
  27  7:37  Starport  
  27  7:50  Marine  
  28  8:08  SCV  
  29  8:15  SCV  
  29  8:19  Starport Tech Lab, Refinery  
  30  8:22  Marine, Refinery  
  30  8:23  SCV  
  32  8:30  SCV  
  33  8:37  SCV  
  33  8:40  Raven  
  36  8:44  SCV  
  37  8:51  SCV  
  37  8:53  Marine  
  39  8:58  SCV  
  40  9:06  SCV  
  41  9:13  SCV  
  42  9:20  SCV  
  42  9:23  Raven  
  45  9:26  Marauder  
  45  9:27  SCV  
  48  9:34  SCV  
  48  9:38  Supply Depot  
  46  9:42  SCV  
  45  9:49  SCV  
  44  9:54  Marine  
  44  9:56  SCV  
  28  10:03  SCV  
  26  10:17  SCV  
  27  10:22  Viking  
  27  10:30  SCV  
  28  10:42  SCV  
  29  10:51  Hellion  
  29  10:54  SCV  
  30  11:06  SCV  
  31  11:18  SCV  
  28  11:20  Marauder  
  24  11:30  SCV  
  7  11:42  SCV  
Show
View Real Time Build Order
Export as new Build Order

I.A. 3 (Muito fácil) Protoss 

Build Orders:  

Get SALT Encoding   

  12  0:01  Probe  
  13  0:13  Probe  
  14  0:22  Pylon  
  14  0:38  Assimilator  
  14  0:43  Gateway  
  14  0:46  Pylon  
  14  1:15  Assimilator  
  14  1:22  Probe  
  15  1:34  Probe, Cybernetics Core  
  16  1:46  Probe  
  17  1:58  Probe  
  18  2:10  Warp Gate, Probe  
  18  2:12  Stalker  
  21  2:23  Probe  
  22  5:27  Probe  
  22  5:33  Zealot  
  22  5:35  Pylon  
  24  5:36  Robotics Facility  
  24  5:39  Probe  
  25  5:51  Probe  
  26  6:03  Probe  
  27  6:15  Probe  
  26  6:21  Pylon  
  26  6:23  Observer  
  27  6:26  Zealot  
  27  6:27  Probe  
  30  6:45  Observer  
  31  7:20  Stalker  
  33  7:24  Nexus  
  33  8:37  Probe  
  34  8:45  Probe  
  34  8:48  Assimilator  
  35  8:50  Assimilator  
  35  8:52  Probe  
  36  8:59  Probe  
  37  9:06  Probe  
  38  9:13  Probe  
  39  9:20  Probe  
  40  9:28  Probe  
  41  9:35  Probe  
  42  9:42  Stalker  
  42  9:43  Probe  
  45  9:50  Probe  
  40  9:57  Probe  
  36  10:04  Probe  
  37  10:10  Zealot  
  37  10:12  Probe  
  40  10:19  Probe  
  41  10:26  Probe  
  37  10:34  Probe  
  22  10:39  Stalker  
  22  10:41  Probe  
  22  10:48  Probe  
  22  10:58  Warp Prism  
  22  10:59  Gateway  
  22  11:00  Probe  
  22  11:01  Robotics Bay  
  22  11:03  Stargate, Sentry  
  27  11:08  Pylon  
  23  11:12  Probe  
  22  11:24  Probe  
  21  11:27  Stalker  
  13  11:33  Warp Prism  
  13  11:37  Probe  
  10  11:40  Nexus  
  9  11:49  Observer Gravitic Boosters, Probe  
  7  11:55  Sentry  
  7  12:01  Probe  
  10  12:10  Observer  
  10  12:13  Probe  
  12  12:20  Nexus  
  12  12:23  Stalker  
  12  12:25  Probe  
  14  12:30  Pylon  
  12  12:37  Gateway, Probe  
  13  12:46  Gravitic Drive  
  13  12:47  Sentry  
  13  12:49  Probe  
  16  12:51  Nexus  
  16  12:57  Pylon  
  15  13:01  Pylon, Probe  
  12  13:11  Stalker  
  13  13:13  Probe  
  14  13:25  Probe  
  14  13:34  Sentry  
  14  13:38  Probe  
  15  13:41  Pylon  
  15  13:50  Probe  
  15  14:02  Probe  
  13  14:03  Stalker  
  15  14:14  Probe  
Tags
 
Add a new tag
Caveats
  • Supply blocks, unpowered buildings, or Contaminate may cause inaccurate times.
  • Supply counts are checked every 10 seconds.